AoeStats
← S2. Batman, pero pelado

African Clearing

506495347Analyzed
3v3 RM · 19d ago on Sep 13, 2026· 31m 4s· 6 players
Game mode
Random Map
Map size
Normal (6 player)
Population
200
Speed
Normal
Resources
Standard
Victory
Conquest
Starting age
Dark Age
Ending age
Imperial Age
RankedLock teamsTeams togetherTeam positionsShared explorationLock speedFull tech treeHidden civsTurbo modeCheats
Victory
Defeat
🇧🇷 Aztecs · Brazil
1423
+17
🇧🇷 Byzantines · Brazil
1414
+17
🇧🇷 Shu · Brazil
1412
+18
🇦🇷 Britons · Argentina
1494
-19
🇦🇷 Japanese · Argentina
1440
-17
🇦🇷 Tupi · Argentina
1405
-16
Tamy Chan
4:49 Loom
13:44 Feudal Age
18:27 Castle Age
17:15 Stone Mining
17:23 Double-Bit Axe
20:55 Gold Mining
24:38 Wheelbarrow
30:20 Eagle Warrior
31:02 Scale Mail Armor
31:19 Forging
Bet0
5:41 Loom
12:47 Feudal Age
15:53 Fletching
24:19 Double-Bit Axe
28:45 Castle Age
27:15 Horse Collar
29:53 Bow Saw
29:54 Heavy Plow
29:59 Gold Mining
31:41 Wheelbarrow
31:44 Gold Shaft Mining
Mateus Viana
10:26 Loom
13:53 Feudal Age
17:40 Castle Age
16:02 Double-Bit Axe
17:50 Gold Mining
18:52 Bow Saw
27:08 Horse Collar
S2. Batman, pero pelado
6:27 Loom
13:18 Feudal Age
14:24 Double-Bit Axe
17:09 Castle Age
18:15 Bow Saw
18:01 Stone Mining
18:08 Horse Collar
20:03 Fletching
22:08 Town Watch
23:01 Wheelbarrow
23:09 Gold Mining
24:43 Padded Archer Armor
25:38 Hand Cart
26:09 Elite Skirmisher
27:36 Bodkin Arrow
_YuX_
7:07 Loom
11:40 Feudal Age
14:17 Fletching
18:52 Double-Bit Axe
Sinclair
9:09 Loom
11:17 Feudal Age
11:48 Double-Bit Axe
20:22 Castle Age
19:44 Fletching
19:36 Horse Collar
20:28 Gold Mining
21:20 Bow Saw
21:15 Crossbowman
22:46 Bodkin Arrow
30:10 Wheelbarrow
29:21 Town Watch
Connection lost

Rejoining the realm…

Still unreachable

The connection could not be restored.

Session expired

The server has moved on; the page needs a fresh start.